 Dungeon Crawl Stone Soup version 0.17.1-3-g152610e (webtiles) character file.

350 barb4r1an the Conjurer (level 6, -3/47 HPs)
             Began as a Draconian Conjurer on Apr 8, 2016.
             Killed by nerve-wracking pain
             ... invoked by an orc priest
              (7 damage)
             ... on level 4 of the Dungeon on Apr 9, 2016.
             The game lasted 00:13:57 (3043 turns).

barb4r1an the Conjurer (Draconian Conjurer)         Turns: 3043, Time: 00:13:57

Health: -3/47      AC:  7    Str: 11    XL:     6   Next: 33%
Magic:  2/11       EV: 16    Int: 16    God:
Gold:   278        SH:  0    Dex: 12    Spells: 3 memorised, 4 levels left

rFire  + . .     SeeInvis .     g - +0 mace
rCold  . . .     Clarity  .     (armour unavailable)
rNeg   . . .     SustAt   .     (no shield)
rPois  .         Gourm    .     (helmet restricted)
rElec  .         Spirit   .     (no cloak)
rCorr  .         Warding  .     (no gloves)
rMut   .         Stasis   .     y - +0 pair of boots
MR     .....                    u - amulet of rage
Stlth  ++........               e - +3 ring of evasion
                                r - ring of protection from fire

@: not resistant to hostile enchantments, unstealthy
A: unfitting armour, cold-blooded, AC +6
a: Evoke Berserk Rage


You were on level 4 of the Dungeon.
You were not hungry.

You visited 1 branch of the dungeon, and saw 4 of its levels.

You collected 278 gold pieces.

Inventory:

Hand Weapons
 g - a +0 mace (weapon)
 s - a -1 dagger
Armour
 l - a +0 helmet of intelligence
 y - a +0 pair of boots (worn)
Jewellery
 d - an uncursed ring of protection from cold
 e - a +3 ring of evasion (right hand)
 r - a ring of protection from fire (left hand)
 u - an amulet of rage (around neck)
Wands
 f - a wand of paralysis (13)
Scrolls
 c - a scroll of teleportation {unknown}
 n - 2 scrolls of noise
 o - 2 scrolls of amnesia
 t - a scroll of immolation {unknown}
 w - a scroll of enchant weapon {unknown}
Potions
 h - a potion of curing
 j - a potion of ambrosia {unknown}
 k - 2 potions of berserk rage
 m - a potion of lignification {unknown}
 p - a potion of invisibility {unknown}
 q - a potion of cancellation {unknown}
 v - a potion of heal wounds
Books
 a - a book of Conjurations

   Spells                             Type                      Level
   a - Magic Dart                     Conjuration                  1
   b - Searing Ray                    Conjuration                  2
   c - Dazzling Spray                 Conjuration/Hexes            3
   d - Fulminant Prism                Conjuration/Hexes            4
   e - Iskenderun's Mystic Blast      Conjuration                  4
   f - Iskenderun's Battlesphere      Conjuration/Charms           5
Comestibles
 b - 3 bread rations
 i - a slice of pizza
 z - a beef jerky


   Skills:
 * Level 1.4 Fighting
 + Level 0.4 Short Blades
 * Level 4.1 Dodging
 - Level 1.8 Stealth
 * Level 3.3 Spellcasting
 + Level 5.2 Conjurations


You had 4 spell levels left.
You knew the following spells:

 Your Spells              Type           Power        Failure   Level  Hunger
a - Magic Dart            Conj           ###.         1%          1    None
b - Searing Ray           Conj           ###...       3%          2    ##.....
c - Iskenderun's Mystic   Conj           ###.....     21%         4    ####...


Dungeon Overview and Level Annotations

Branches:
Dungeon (4/15)
 Temple: D:4-7

Altars:
Makhleb
Qazlal

Shops:
D:4 *


Innate Abilities, Weirdness & Mutations

Your plain brown scales are hard (AC +6).
Your body does not fit into most forms of armour.
You are cold-blooded and may be slowed by cold attacks.


Message History

Something smites you!
You hit the orc priest.
The orc priest is moderately wounded.
The orc priest miscasts a cantrip.
The orc priest calls down the wrath of Beogh upon you.
Something smites you!
* * * LOW HITPOINT WARNING * * *
You hit the orc priest but do no damage.
The orc priest is moderately wounded.
The orc priest hits you.
* * * LOW HITPOINT WARNING * * *
You hit the orc priest but do no damage.
The orc priest is moderately wounded.
The orc priest closely misses you.
You hit the orc priest but do no damage.
Your tail-slap misses the orc priest.
The orc priest is moderately wounded.
The orc priest mumbles some strange prayers to Beogh against you.
Pain shoots through your body!
You die...

#......# #.
#......#......# #.
...P..#......########.
P∩P..####............ #
PP..####...........# .#.
...................#
....##................)#
(......................#
.)....o@...............#
....###.(..............#
. #................#
#................#
#.................
#......###########
#......# ####.#.# #...#


You could see an orc priest.

Vanquished Creatures
  An ogre (D:4)
  A crimson imp (D:4)
  Ijyb (D:2)
  2 centaur skeletons
  A worker ant (D:4)
  5 adders
  An ooze (D:4)
  2 worms
  A giant gecko (D:1)
  9 orcs
  6 bats
  3 giant cockroaches
  6 goblins
  4 hobgoblins
  7 jackals
  A ball python skeleton (D:4)
  3 giant newts
  6 kobolds
  5 rats
65 creatures vanquished.

Notes
Turn   | Place    | Note
--------------------------------------------------------------
     0 | D:1      | barb4r1an the Draconian Conjurer began the quest for the Orb.
     0 | D:1      | Reached XP level 1. HP: 14/14 MP: 3/3
   233 | D:1      | Reached XP level 2. HP: 20/20 MP: 1/5
   922 | D:2      | Reached XP level 3. HP: 27/27 MP: 3/6
  1091 | D:2      | Found a stormy altar of Qazlal.
  1152 | D:2      | Noticed Ijyb
  1184 | D:2      | Killed Ijyb
  1614 | D:3      | Reached XP level 4. HP: 31/34 MP: 4/7
  1633 | D:3      | Reached skill level 1 in Fighting
  1960 | D:3      | Reached XP level 5. HP: 32/40 MP: 1/9
  2449 | D:4      | Reached skill level 5 in Conjurations
  2454 | D:4      | Learned a level 2 spell: Searing Ray
  2459 | D:4      | Learned a level 4 spell: Iskenderun's Mystic Blast
  2518 | D:4      | Noticed an ogre
  2601 | D:4      | Killed an ogre
  2601 | D:4      | Reached XP level 6. HP: 3/47 MP: 1/10
  2952 | D:4      | Found a burning altar of Makhleb.
  3006 | D:4      | Found Vypasangesch's Assorted Antiques.
  3043 | D:4      | Killed from afar by an orc priest

Action                   |  1- 3 |  4- 6 || total
-------------------------+-------+-------++-------
Melee: Unarmed           |     4 |       ||     4
       Mace              |    54 |    55 ||   109
       Dagger            |       |    15 ||    15
 Cast: Magic Dart        |    58 |    85 ||   143
       Searing Ray       |       |     4 ||     4
  Use: Scroll            |     2 |     6 ||     8
  Eat: Meat ration       |     1 |     1 ||     2
